 Dungeon Crawl Stone Soup version 0.30-a0-476-g330ca2eb8e (webtiles) character file.

Game seed: 11823380261187815140

47 tilp the Covered (level 4, -2/38 HPs)
             Began as a Meteoran Fighter on Dec 21, 2022.
             Splashed by a jelly's acid (5 damage)
             ... on level 3 of the Dungeon.
             The game lasted 00:02:09 (329 turns).

tilp the Covered (Meteoran Fighter)                  Turns: 329, Time: 00:02:09

Health: -2/38      AC:  1    Str: 21    XL:     4   Next: 17%
Magic:  5/5        EV: 10    Int: 13    God:
Gold:   39         SH:  5    Dex: 16    Spells: 3/3 levels left

rFire   + . .      SeeInvis .    a - +0 long sword
rCold   . . .      Faith    .    c - +0 buckler
rNeg    . . .      Spirit   .    b - +0 scale mail
rPois   .          Reflect  .    (no helmet)
rElec   .          Harm     .    k - +1 cloak of the Sun {rF+ Str+4 Int+4 Stlth+}
rCorr   .          Rampage  .    (no gloves)
Will    .....                    (no boots)
Stlth   +.........               (no amulet)
HPRegen 0.26/turn                (no ring)
MPRegen 0.09/turn                (no ring)

@: corroded, glowing
A: sense surroundings 1, otherworldly, glowing, explore regen
a: no special abilities


You were on level 3 of the Dungeon.
You visited 1 branch of the dungeon, and saw 4 of its levels.

You collected 39 gold pieces.

Inventory:

Hand Weapons
 a - a +0 long sword (weapon)
Armour
 b - a +0 scale mail (worn)
 c - a +0 buckler (worn)
 g - an orb of light
 k - the +1 cloak of the Sun (worn) {rF+ Str+4 Int+4 Stlth+}
   (You found it on level 3 of the Dungeon)

   Str:       It affects your strength (+4).
   Int:       It affects your intelligence (+4).
   rF:        It protects you from fire.
   Stlth:     It makes you more stealthy.
Scrolls
 f - a scroll of immolation {unknown}
 h - 2 scrolls of teleportation {unknown}
Potions
 d - a potion of might
 e - a potion of brilliance {unknown}
 i - a potion of lignification {unknown}
 j - a potion of degeneration {unknown}


   Skills:
 + Level 3.5 Fighting
 + Level 2.8 Long Blades
 - Level 4.0 Armour
 * Level 1.8 Dodging
 + Level 0.6 Stealth
 + Level 3.9 Shields


You had 3 spell levels left.
You didn't know any spells.
Your spell library was empty.

Dungeon Overview and Level Annotations

Branches:
Dungeon (4/15) Zot: 2056
 Temple: D:4-7

Altars:

Annotations:
D:3 1 runed translucent door, Crazy Yiuf


Innate Abilities, Weirdness & Mutations

You passively map a small area around you.
You are easily found by Zot.
You glow in the dark.
You regain HP and MP as you explore.


Message History

An endoplasm comes into view.
The frilled lizard barely misses you.
You hit the frilled lizard.
You kill the frilled lizard!
The quokka bites you but does no damage.
There is a large open door here.
You hit the quokka.
You kill the quokka!
You closely miss the ball python. You block the ball python's attack.
The ball python grabs you. The ball python constricts you.
The ball python bites you but does no damage.
The ball python constricts you.
You slash the ball python!
You kill the ball python!
The rat twitches its whiskers.
The frilled lizard bites you but does no damage.
Training target 4.0 for Armour reached!
Your Armour skill increases to level 4!
You hit the frilled lizard.
You kill the frilled lizard!
You hit the rat.
The rat is moderately wounded.
The rat closely misses you.
You closely miss the rat.
The rat is moderately wounded.
The rat misses you. The rat bites you.
You hit the rat.
You kill the rat!
You hit the jelly but do no damage. The acid corrodes you!
Your hands burn!
The jelly hits you. The acid corrodes you!
You are splashed with acid!
You hit the jelly.
Your hands burn!
The jelly is lightly wounded.
The jelly hits you.
You are splashed with acid!
* * * LOW HITPOINT WARNING * * *
The jelly hits you.
* * * LOW HITPOINT WARNING * * *
You are splashed with acid!
* * * LOW HITPOINT WARNING * * *
You hit the jelly.
Your hands burn!
You die...

..............#
..............#
.>............#
..............#
..............#
.............##
.....##.....###
.......####...#######
.##.##...####.JJ@...#
.######..####''####..#
.#* .##........# ,.#
.... * #....?†....#*
#### #....(.......# ..
.....J........# #.,
............... #.
............... *
.$..♣....♣..... *


You could see a jelly and an endoplasm.

Vanquished Creatures
  An orc priest (D:3)
  A dart slug (D:3)
  2 orcs (D:3)
  A ball python (D:3)
  A bat (D:3)
  An endoplasm (D:2)
  A giant cockroach (D:3)
  A goblin (D:1)
  A quokka (D:3)
  3 frilled lizards
  2 rats (D:3)
15 creatures vanquished.

Notes
Turn   | Place    | Note
-------+----------+-------------------------------------------
     0 | D:1      | tilp the Meteoran Fighter began the quest for the Orb.
     0 | D:1      | Reached XP level 1. HP: 19/19 MP: 2/2
   113 | D:3      | Reached XP level 2. HP: 23/26 MP: 3/3
   151 | D:3      | Reached skill level 1 in Dodging
   162 | D:3      | Reached XP level 3. HP: 21/31 MP: 4/4
   162 | D:3      | Reached XP level 4. HP: 26/38 MP: 5/5
   254 | D:3      | Identified the +1 cloak of the Sun {rF+ Str+4 Int+4 Stlth+}
   275 | D:3      | Found a runed translucent door.
   276 | D:3      | Noticed Crazy Yiuf
   323 | D:3      | Reached skill level 4 in Armour
   329 | D:3      | Splashed by a jelly's acid

Illustrated notes

Levels and vault maps discovered:
D:1:      giann_wishing_wells, layout_loops_ring, serial_shops,
          nicolae_shop_stone
D:2:      layout_loops_ring, minmay_misc_feat_doors, kennysheep_generic_room_12
D:3:      layout_rooms, ebering_ghost_rock_garden, kennysheep_big_empty_room,
          uniq_crazy_yiuf_cottage
D:4:      layout_loops_cross, serial_shops, shop, uniq_ijyb

Skill      XL: |  1  2  3  4 |
---------------+-------------+-----
Dodging        | 1 |  1.8
Armour         | 4 |  4.0
Fighting       | |  3.5
Long Blades    | |  2.8
Stealth        | |  0.6
Shields        | |  3.9

Action                   |  1- 3 |  4- 6 || total
-------------------------+-------+-------++-------
Melee: Long sword        |    28 |    18 ||    46
Armor: Scale mail        |     8 |     7 ||    15
Dodge: Dodged            |    12 |     6 ||    18
Block: Buckler           |     5 |     2 ||     7

Table legend: (Time is in decaauts)
 A = Elapsed time spent in this place.
 B = Non-inter-level travel time spent in this place.
 C = Inter-level travel time spent in this place.
 D = Time resting spent in this place.
 E = Time spent auto-exploring this place.
 F = Levels seen in this place.
 G = Mean time per level.
                   A        B        C        D        E       F      G
               +--------+--------+--------+--------+--------+-----+--------+
         Total |    343 |    314 |     29 |      4 |      0 |   4 |   85.8 |
       Dungeon |    343 |    314 |     29 |      4 |      0 |   4 |   85.8 |
               +--------+--------+--------+--------+--------+-----+--------+

Top non-repeatable levels by time:
     D:3: 228 daAuts
     D:1: 81 daAuts
     D:2: 29 daAuts
     D:4: 3 daAuts
